 Dungeon Crawl Stone Soup version 0.29.1 (webtiles) character file.

Game seed: 12888211575418621090

35 Hallazi the Poker (level 3, -1/29 HPs)
             Began as a Human Berserker on Sept 13, 2022.
             Was a Believer of Trog.
             Slain by Crazy Yiuf
             ... wielding a +2 quarterstaff of chaos
              (6 damage)
             ... on level 2 of the Dungeon.
             The game lasted 00:06:53 (1185 turns).

Hallazi the Poker (Human Berserker)                 Turns: 1185, Time: 00:06:54

Health: -1/29      AC:  3    Str: 19    XL:     3   Next: 55%
Magic:  3/3        EV: 17    Int:  7    God:    Trog [**....]
Gold:   82         SH:  0    Dex: 12    Spells: 2/2 levels left

rFire   . . .      SeeInvis .   a - +0 spear
rCold   . . .      Faith    +   (no shield)
rNeg    . . .      Spirit   .   d - +0 leather armour
rPois   .          Reflect  .   (no helmet)
rElec   .          Harm     .   (no cloak)
rCorr   .          Rampage  .   (no gloves)
Will    .....                   (no boots)
Stlth   +.........              f - amulet of faith
HPRegen 0.09/turn               (no ring)
MPRegen 0.08/turn               (no ring)

@: agile
A: no striking features
a: Renounce Religion, Berserk, Trog's Hand


You were on level 2 of the Dungeon.
You worshipped Trog.
Trog was pleased with you.
You visited 1 branch of the dungeon, and saw 2 of its levels.

You collected 82 gold pieces.

Inventory:

Hand Weapons
 a - a +0 spear (weapon)
Armour
 b - a +0 animal skin
 d - a +0 leather armour (worn)
Jewellery
 f - an amulet of faith (around neck)
Scrolls
 c - 2 scrolls of vulnerability {unknown}
 e - a scroll of identify {unknown}
Potions
 g - a potion of ambrosia {unknown}


   Skills:
 * Level 3.4 Fighting
 * Level 3.7 Polearms
 + Level 2.1 Armour
 * Level 2.3 Dodging


You had 2 spell levels left.
You didn't know any spells.
Your spell library contained the following spells:

 Spells                   Type           Power      Damage    Failure   Level
 Scorch                   Fire           0%         2d5       63%         2
 Flame Wave               Conj/Fire      0%         2d4       99%         4
 Summon Cactus Giant      Summ           0%         N/A       100%        6


Dungeon Overview and Level Annotations

Branches:
Dungeon (2/15)

Altars:

Shops:
D:2 *

Annotations:
D:2 Crazy Yiuf


Message History

Trog accepts your kill.
You can now call upon Trog for regeneration and willpower.
You feel sick.
You feel sick.
You see here an adder corpse.
Found a coppery potion.
You feel sick.
You are no longer poisoned.
Found a scroll labelled TUATOACIH KAULL.
HP restored.
g - a coppery potion You now have 82 gold pieces (gained 6).
Found a hammer.
Found a runed translucent door.
You open the door. You hit Crazy Yiuf.
Crazy Yiuf is lightly wounded.
Crazy Yiuf hits you with a +2 quarterstaff of chaos!
You barely miss Crazy Yiuf.
Crazy Yiuf is lightly wounded.
Crazy Yiuf barely misses you.
You hit Crazy Yiuf but do no damage.
Crazy Yiuf is lightly wounded.
Crazy Yiuf hits you with a +2 quarterstaff of chaos.
You hit Crazy Yiuf but do no damage.
Crazy Yiuf is lightly wounded.
You barely miss Crazy Yiuf.
Crazy Yiuf is lightly wounded.
Crazy Yiuf hits you with a +2 quarterstaff of chaos!
You feel agile all of a sudden.
You completely miss Crazy Yiuf.
Crazy Yiuf is lightly wounded.
Crazy Yiuf misses you.
You hit Crazy Yiuf.
Crazy Yiuf is lightly wounded.
Crazy Yiuf hits you with a +2 quarterstaff of chaos!
* * * LOW HITPOINT WARNING * * *
You hit Crazy Yiuf.
Crazy Yiuf is moderately wounded.
Crazy Yiuf cries, "Hack!
Dawk seventy high."
Crazy Yiuf hits you with a +2 quarterstaff of chaos.
You die...

##### #..)# #...#
... #g# # ♣♣@♣ ♣.♣♣
.# ♣♣.♣ ######.#
♣.♣♣ ....≈.# ♣♣.♣♣
### #...≈.## ♣...♣
..###.~~≈..# ♣...♣♣
.......~≈?.# #....#
......~.≈#####....#
###


You could see Crazy Yiuf.

Vanquished Creatures
  An adder (D:2)
  5 endoplasms (D:1)
  A giant cockroach (D:1)
  4 goblins (D:1)
  3 kobolds (D:1)
  4 ball pythons (D:1)
  2 bats (D:1)
  2 frilled lizards (D:1)
  A rat (D:1)
23 creatures vanquished.

Notes
Turn   | Place    | Note
-------+----------+-------------------------------------------
     0 | D:1      | Hallazi the Human Berserker began the quest for the Orb.
     0 | D:1      | Reached XP level 1. HP: 18/18 MP: 1/1
   198 | D:1      | Reached XP level 2. HP: 19/24 MP: 2/2
   516 | D:1      | Reached XP level 3. HP: 24/29 MP: 3/3
   916 | D:2      | Found Gehadut's General Store.
   944 | D:2      | Reached ** piety under Trog
  1173 | D:2      | Found a runed translucent door.
  1174 | D:2      | Noticed Crazy Yiuf
  1185 | D:2      | Slain by Crazy Yiuf

Illustrated notes

Levels and vault maps discovered:
D:1:      lemuel_arrival_funnel, layout_rooms
D:2:      layout_basic, serial_shops, shop_statue, chequers_avenue,
          chequers_serial_rivers_micro_e, uniq_crazy_yiuf_cottage

Action                   || total
-------------------------++-------
Melee: Spear             ||    69
       Punch             ||     1
 Stab: Sleeping          ||     1
Armor: Animal skin       ||     3
       Leather armour    ||     8
Dodge: Dodged            ||    27
